 Dungeon Crawl Stone Soup version 0.23.0 (webtiles) character file.

Game seed: 6014525118629978729

93335 Laan the Impaler (level 16, -1/124 HPs)
             Began as a Merfolk Gladiator on Feb 15, 2019.
             Was a High Priest of Okawaru.
             Slain by a slime creature (12 damage)
             ... on level 1 of the Swamp.
             The game lasted 01:34:16 (36647 turns).

Laan the Impaler (Merfolk Gladiator)               Turns: 36647, Time: 01:34:17

Health: -1/124     AC: 35    Str: 15    XL:     16   Next: 8%
Magic:  21/22      EV: 10    Int:  9    God:    Okawaru [*****.]
Gold:   1264       SH: 22    Dex: 20    Spells: 15/15 levels left

rFire    + + .     SeeInvis +   E - +5 demon trident
rCold    + + .     Gourm    .   s - +0 large shield
rNeg     . . .     Faith    .   Q - +3 gold dragon scales
rPois    +         Spirit   .   H - +0 helmet {SInv}
rElec    .         Reflect  +   J - scarf {rC+ rF+}
rCorr    .         Harm     .   l - +0 pair of gloves {archery}
MR       +....                  (boots currently unavailable)
Stlth    ..........             i - +4 amulet of reflection
HPRegen  0.30/turn              k - +6 ring of protection
MPRegen  0.18/turn              S - ring "Gitzoc" {Slay+3 Stlth-}

@: about to teleport, heroism, studying Transmutations, very quick
A: change form in water, swift swim, stealthy swim
a: Heroism, Finesse, Renounce Religion


You were on level 1 of the Swamp.
You worshipped Okawaru.
Okawaru was extremely pleased with you.
You were not hungry.

You visited 5 branches of the dungeon, and saw 25 of its levels.
You also visited: Gauntlet.

You collected 1941 gold pieces.
You spent 677 gold pieces at shops.

Inventory:

Hand Weapons
 a - a +4 trident
 E - a +5 demon trident (weapon)
Missiles
 V - 15 javelins of penetration (quivered)
Armour
 c - a +0 pair of boots of running (melded)
 l - a +0 pair of gloves of archery (worn)
 s - a +0 large shield (worn)
 A - a +1 pair of boots of flying
 H - a +0 helmet of see invisible (worn)
 J - a scarf of resistance (worn)
 Q - +3 gold dragon scales (worn)
Jewellery
 b - an uncursed ring of protection from magic
 h - an uncursed ring of protection from cold
 i - a +4 amulet of reflection (around neck)
 k - a +6 ring of protection (left hand)
 p - the ring "Duasolimapn" {rPois AC+2}
   (You found it on level 6 of the Lair of Beasts)

   [ring of protection]

   It affects your AC (+2).
   It protects you from poison.
 q - an uncursed ring of resist corrosion
 r - an uncursed ring of flight
 t - an uncursed ring of stealth {unknown}
 L - an uncursed ring of protection from fire
 S - the ring "Gitzoc" (right hand) {Slay+3 Stlth-}
   (You found it in a Gauntlet)

   [ring of attention]

   It affects your accuracy and damage with ranged weapons and melee attacks
   (+3).
   It makes you less stealthy.
Wands
 e - a wand of digging (20)
 x - a wand of acid (6)
 D - a wand of iceblast (3)
 I - a wand of flame (23)
 Y - a wand of paralysis (8)
 Z - a wand of scattershot (6)
Scrolls
 d - 3 scrolls of fog
 g - 4 scrolls of amnesia
 m - 3 scrolls of blinking
 w - 2 scrolls of fear
 y - 9 scrolls of remove curse
 B - a scroll of magic mapping
 M - a scroll of identify
 N - a scroll of teleportation
Potions
 j - 3 potions of brilliance
 o - 2 potions of cancellation
 v - 2 potions of flight
 z - 3 potions of agility
 C - 2 potions of ambrosia
 F - 2 potions of haste
 G - 2 potions of resistance {unknown}
 K - a potion of might
 P - 6 potions of lignification {unknown}
Books
 X - a manual of Transmutations
Comestibles
 f - 42 rations


   Skills:
 - Level 10.7(15.7) Fighting
 - Level 16.0(21.0) Polearms
 - Level 2.0(7.0) Throwing
 * Level 14.7(19.7) Armour
 - Level 12.2(17.2) Dodging
 + Level 8.0(13.0) Shields
 - Level 8.4 Invocations


You had 15 spell levels left.
You didn't know any spells.
Your spell library contained the following spells:

 Spells                   Type           Power        Failure   Level  Hunger
 Animate Skeleton         Necr           N/A          100%        1    ##.....
 Apportation              Tloc           #.....       100%        1    ##.....
 Beastly Appendage        Tmut           #.....       100%        1    ##.....
 Confusing Touch          Hex            #.....       100%        1    ##.....
 Magic Dart               Conj           #...         100%        1    ##.....
 Pain                     Necr           #...         100%        1    ##.....
 Summon Butterflies       Summ           #.......     100%        1    ##.....
 Summon Small Mammal      Summ           #...         100%        1    ##.....
 Blink                    Tloc           N/A          100%        2    ###....
 Call Imp                 Summ           #.......     100%        2    ###....
 Shroud of Golubria       Chrm/Tloc      #.........   100%        2    ###....
 Slow                     Hex            #.......     100%        2    ###....
 Sticks to Snakes         Tmut           #.......     100%        2    ###....
 Conjure Flame            Conj/Fire      #.......     100%        3    ####...
 Gell's Gravitas          Tloc           #.........   100%        3    ####...
 Lesser Beckoning         Tloc           #.........   100%        3    ####...
 Mephitic Cloud           Conj/Pois/Air  #.......     100%        3    ####...
 Regeneration             Chrm/Necr      #.........   100%        3    ####...
 Spider Form              Tmut/Pois      #.........   100%        3    ####...
 Teleport Other           Tloc           #.......     100%        3    ####...
 Tukima's Dance           Hex            #.......     100%        3    ####...
 Vampiric Draining        Necr           #.........   100%        3    ####...
 Animate Dead             Necr           N/A          100%        4    #####..
 Ice Form                 Ice/Tmut       #.......     100%        4    #####..
 Passage of Golubria      Tloc           N/A          100%        4    #####..
 Alistair's Intoxication  Tmut/Pois      #.......     100%        5    ######.
 Blade Hands              Tmut           #.........   100%        5    ######.
 Invisibility             Hex            #.......     100%        6    #######


Dungeon Overview and Level Annotations

Branches:
Dungeon (15/15)            Temple (1/1) D:5            Lair (6/6) D:10
  Swamp (1/4) Lair:2       Spider (0/4) Lair:3        Slime (0/5) Lair:5
    Orc (2/2) D:10            Elf (0/3) Orc:2        Vaults (0/5) D:13
 Depths (0/5) D:15

Altars:
Ashenzari
Cheibriados
Dithmenos
Elyvilon
Fedhas
Gozag
Nemelex Xobeh
Okawaru
Qazlal
Ru
Sif Muna
Trog
Vehumet
Wu Jian
Xom
Yredelemnul
Zin
The Shining One
Beogh
Jiyva

Shops:
D:5 [[[:[   D:8 :   D:9 *   D:13 !   Orc:2 [(*:

Portals:
Trove: D:11 (lose all piety)

Annotations:
D:5 2 runed translucent doors, Laan's ghost, novice KoVM
Orc:2 2 transporters, P0WERM0DE's ghost, journeyman DDFi


Message History

You block the slime creature's attack. x2
Okay, then.
Unknown command.
You puncture the slime creature!
Your tail-slap misses the slime creature.
The slime creature is lightly wounded.
You block the slime creature's attack.
You hit the slime creature.
The slime creature is lightly wounded.
You block the slime creature's attack. x2
You hit the slime creature.
The slime creature is moderately wounded.
You block the slime creature's attack. x2
You hit the slime creature.
The slime creature is moderately wounded.
You block the slime creature's attack. x2
As you read the scroll of teleportation, it crumbles to dust.
You feel strangely unstable.
You block the slime creature's attack. x2
The slime creature hits you!
You die...

≈..≈≈.♣♣ .≈
≈.≈≈≈.♣.≈≈
♣..≈≈...≈≈
≈.≈≈≈....
♣.≈≈≈.♣♣J
♣♣♣<≈≈≈.≈≈.
♣♣...≈≈y.♣♣♣ ♣
...≈..≈JJJ≈♣.≈≈≈
♣..≈≈≈≈≈≈†@≈≈..≈≈≈
♣..≈§≈≈≈≈≈≈†≈≈≈≈≈≈
♣♣..§≈≈≈≈≈≈≈≈§≈≈≈≈
♣..≈≈≈.≈%≈.......
♣≈..≈......♣♣♣♣≈≈
≈≈......♣♣ ≈
.≈....♣♣♣ ....≈.


You could see 3 slime creatures and a hornet.

Vanquished Creatures
  Saint Roka (Orc:1)
  An orc warlord (D:10)
  2 entropy weavers
  A minotaur (Gauntlet)
  A blizzard demon (Gauntlet)
  Josephine (Orc:2)
  4 hydras
  7 vault guards
  A merfolk avatar (Lair:6)
  6 centaur warriors
  3 two-headed ogres
  A queen ant (Lair:4)
  3 alligators (Swamp:1)
  An ogre mage (D:15)
  A tengu warrior (D:13)
  An orc high priest (Orc:2)
  Urug (Orc:2)
  5 skeletal warriors
  3 unseen horrors
  2 wizards (D:15)
  A necromancer (D:15)
  5 orc knights
  A harpy (Lair:6)
  5 orc sorcerers
  8 ugly things
  2 manticores
  A wolf spider zombie (D:15)
  2 deep elf magi
  3 cyclopes
  5 elephants (Lair:6)
  A naga mage (D:15)
  2 centaur zombies
  3 black mambas
  7 gargoyles
  10 spiny frogs
  3 centaur skeletons (D:15)
  13 komodo dragons
  5 rime drakes
  A tengu conjurer (D:13)
  5 trolls
  4 blink frogs
  3 hornets
  2 bog bodies (Lair:2)
  11 slime creatures
  7 hippogriffs
  Sigmund (D:5)
  A spriggan (D:9)
  41 yaks
  6 wraiths
  A yak (shapeshifter) (D:14)
  A wyvern (Lair:6)
  5 humans (D:13)
  Eustachio (D:6)
  A basilisk (Lair:5)
  Edmund (D:5)
  2 hungry ghosts (D:10)
  6 wargs
  A steam dragon (Lair:3)
  A swamp worm (Swamp:1)
  10 soldier ants
  A two-headed ogre zombie (D:10)
  7 porcupines
  7 water moccasins
  31 orc warriors
  5 sky beasts
  2 ice beasts
  2 phantoms
  6 black bears
  2 eyes of draining
  3 necrophages
  11 ogres
  27 wolves
  14 centaurs
  16 crocodiles
  16 bullfrogs
  2 big kobolds
  A gnoll sergeant (Orc:2)
  10 scorpions
  3 troll zombies (D:10)
  7 killer bees
  2 howler monkeys (D:10)
  15 wights
  3 electric eels
  2 bullfrog zombies
  8 crimson imps
  6 jellies
  2 quasits
  4 bullfrog skeletons
  17 orc priests
  3 hounds
  Crazy Yiuf (D:6)
  13 orc wizards
  Natasha (twice) (D:2)
  7 iguanas
  11 hell rats
  23 worker ants
  4 ogre zombies (D:10)
  A hound zombie (D:11)
  Robin (D:3)
  14 adders
  A howler monkey skeleton (D:11)
  4 shadow imps
  An ooze (D:3)
  An adder skeleton (D:7)
  8 worms
  A dart slug (D:2)
  7 leopard geckos
  71 orcs
  A ball python (D:3)
  9 bats
  8 giant cockroaches
  2 gnoll zombies (D:7)
  9 hobgoblins
  3 jackals (D:9)
  2 quokkas
  9 frilled lizards
  18 goblins
  A goblin skeleton (D:10)
  6 goblin zombies (D:10)
  A hobgoblin skeleton (D:10)
  A jackal skeleton (D:4)
  15 kobolds
  2 orc skeletons (D:10)
  15 orc zombies (D:10)
  A quokka zombie (D:5)
  6 rats
  A fungus (Lair:3)
  A plant (D:10)
752 creatures vanquished.

Vanquished Creatures (others)
  A vault guard (D:13)
  An orc warrior (Orc:2)
  2 centaurs
  An orc (Orc:1)
  8 fungi
  9 plants
22 creatures vanquished.

Grand Total: 774 creatures vanquished

Notes
Turn   | Place    | Note
-------+----------+-------------------------------------------
     0 | D:1      | Laan the Merfolk Gladiator began the quest for the Orb.
     0 | D:1      | Reached XP level 1. HP: 16/16 MP: 1/1
   189 | D:1      | Reached XP level 2. HP: 23/23 MP: 2/2
   200 | D:1      | Reached skill level 5 in Polearms
   793 | D:2      | Reached XP level 3. HP: 25/28 MP: 3/3
  1134 | D:2      | Reached skill level 6 in Polearms
  1541 | D:2      | Reached XP level 4. HP: 28/35 MP: 4/4
  1746 | D:2      | Found a shattered altar of Ashenzari.
  1748 | D:2      | Noticed Natasha
  1762 | D:2      | Killed Natasha
  1964 | D:2      | Found a faded altar of an unknown god.
  2029 | D:2      | Noticed Natasha
  2042 | D:2      | Killed Natasha
  2042 | D:2      | Reached skill level 7 in Polearms
  2042 | D:2      | Reached XP level 5. HP: 12/41 MP: 5/5
  2644 | D:3      | Noticed Robin
  2695 | D:3      | Killed Robin
  3169 | D:3      | Reached skill level 8 in Polearms
  3746 | D:4      | Noticed an ogre
  3754 | D:4      | Killed an ogre
  3754 | D:4      | Reached XP level 6. HP: 21/48 MP: 6/6
  4259 | D:4      | You fall through a shaft for 3 floors!
  4357 | D:5      | Entered Level 5 of the Dungeon
  4357 | D:5      | Found Ixecero's Book Boutique.
  4734 | D:5      | Found Utoegaf's Antique Armour Boutique.
  4746 | D:5      | Found a runed translucent door.
  4749 | D:5      | Noticed Laan's ghost (novice KoVM)
  4778 | D:5      | Found a glowing silver altar of Zin.
  4779 | D:5      | Found a radiant altar of Vehumet.
  4780 | D:5      | Found a deep blue altar of Sif Muna.
  4793 | D:5      | Reached skill level 9 in Polearms
  4793 | D:5      | Reached XP level 7. HP: 53/55 MP: 7/7
  4864 | D:5      | Noticed Edmund
  4896 | D:5      | Killed Edmund
  4896 | D:5      | Reached skill level 5 in Dodging
  4904 | D:5      | Found Xiqar's Antique Armour Emporium.
  5060 | D:5      | Reached skill level 5 in Fighting
  5260 | D:5      | Bought a pair of runed boots for 187 gold pieces
  5265 | D:5      | Identified a +0 pair of boots of running (You bought it in
                  | a shop on level 5 of the Dungeon)
  5274 | D:5      | Noticed Sigmund
  5312 | D:5      | Killed Sigmund
  5312 | D:5      | Reached skill level 10 in Polearms
  5440 | D:5      | Reached XP level 8. HP: 41/63 MP: 8/8
  5607 | D:5      | Found a staircase to the Ecumenical Temple.
  5619 | Temple   | Entered the Ecumenical Temple
  5650 | Temple   | Became a worshipper of Warmaster Okawaru
  5735 | D:5      | Found Ritwox's Armour Emporium.
  5838 | D:5      | Found a runed translucent door.
  5982 | D:5      | Found Pymefeck's Antique Armour Shoppe.
  6203 | D:6      | Reached skill level 11 in Polearms
  6206 | D:6      | Noticed Eustachio
  6217 | D:6      | Killed Eustachio
  7091 | D:6      | Reached * piety under Okawaru
  7091 | D:6      | Reached skill level 12 in Polearms
  7107 | D:6      | Reached XP level 9. HP: 62/71 MP: 9/9
  7473 | D:6      | Found a runed translucent door.
  7474 | D:6      | Noticed Crazy Yiuf
  7525 | D:6      | Killed Crazy Yiuf
  8432 | D:7      | Reached skill level 13 in Polearms
  8438 | D:7      | Reached ** piety under Okawaru
  8623 | D:7      | Found a basalt altar of Yredelemnul.
  9228 | D:8      | Found Cytaod's Book Boutique.
  9632 | D:9      | Noticed a red ugly thing
  9853 | D:8      | Reached skill level 14 in Polearms
  9887 | D:8      | Reached XP level 10. HP: 56/80 MP: 10/10
 10070 | D:9      | Reached *** piety under Okawaru
 10296 | D:9      | Found an ornate altar of the Wu Jian Council.
 10298 | D:9      | Noticed a two-headed ogre
 10320 | D:9      | HP: 3/123 [two-headed ogre/+0 dire flail (8)]
 10321 | D:9      | Killed a two-headed ogre
 10321 | D:9      | Reached **** piety under Okawaru
 10321 | D:9      | Reached skill level 15 in Polearms
 10321 | D:9      | Reached skill level 10 in Dodging
 10326 | D:9      | Killed a red ugly thing
 10693 | D:9      | Found Wailout's General Store.
 10704 | D:9      | Bought a scroll of remove curse for 36 gold pieces
 11201 | D:5      | Bought a +0 cloak of poison resistance for 93 gold pieces
 11313 | D:10     | Entered Level 10 of the Dungeon
 11335 | D:9      | Reached ***** piety under Okawaru
 11631 | D:10     | Reached skill level 16 in Polearms
 11773 | D:10     | Found a staircase to the Orcish Mines.
 11784 | D:10     | Reached skill level 1 in Invocations
 11803 | D:10     | Reached XP level 11. HP: 59/89 MP: 10/12
 12094 | D:10     | Found a staircase to the Lair.
 12282 | D:10     | Found the +8 Wrath of Trog {antimagic, *Rage}
 12289 | D:10     | Noticed a centaur warrior
 12292 | D:10     | Found the +3 giant club "Skullcrusher" {speed, Str+7}
 12302 | D:10     | Killed a centaur warrior
 12302 | D:10     | Received a gift from Okawaru
 12788 | Lair:1   | Entered Level 1 of the Lair of Beasts
 12916 | Lair:1   | Reached skill level 10 in Fighting
 13334 | Lair:1   | Noticed a five-headed hydra
 13374 | Lair:1   | Killed a five-headed hydra
 13755 | Lair:1   | Reached skill level 5 in Invocations
 14419 | D:5      | Bought a pair of dazzling gloves for 237 gold pieces
 14742 | Lair:2   | Reached skill level 1 in Armour
 15316 | Lair:2   | HP: 4/92 [komodo dragon (15)]
 15738 | Lair:2   | Found a staircase to the Swamp.
 15754 | Lair:2   | Reached XP level 12. HP: 69/99 MP: 10/16
 15904 | Lair:2   | Found a glowing golden altar of the Shining One.
 16433 | Lair:2   | You fall through a shaft for 2 floors!
 16738 | Lair:3   | Identified the +4 pair of gloves of Moral Flaws {rC- Int+4
                  | Dex+4} (You bought it in a shop on level 5 of the Dungeon)
 16855 | Lair:3   | Received a gift from Okawaru
 17290 | Lair:3   | Reached skill level 1 in Shields
 17481 | Lair:3   | Found a hole to the Spider Nest.
 18093 | Lair:4   | Noticed an entropy weaver
 18239 | Lair:3   | HP: 4/99 [entropy weaver (6)]
 18252 | Lair:3   | HP: 2/99 [entropy weaver (4)]
 18254 | Lair:3   | Killed an entropy weaver
 19226 | Lair:4   | Reached skill level 5 in Armour
 19571 | Lair:4   | Noticed a queen ant
 19608 | Lair:4   | Killed a queen ant
 19742 | Lair:4   | Noticed an entropy weaver
 19758 | Lair:4   | Killed an entropy weaver
 19758 | Lair:4   | Received a gift from Okawaru
 19988 | Lair:4   | Reached XP level 13. HP: 97/104 MP: 19/19
 20966 | Lair:4   | Received a gift from Okawaru
 21207 | Lair:5   | Found a viscous altar of Jiyva.
 21207 | Lair:5   | Found a staircase to the Slime Pits.
 21881 | Lair:6   | Entered Level 6 of the Lair of Beasts
 23266 | Lair:6   | Noticed a dire elephant
 24227 | Lair:6   | Reached skill level 10 in Armour
 24607 | Lair:6   | Got a steaming platinum ring
 24770 | D:11     | Found an opulent altar of Gozag.
 25816 | D:11     | Received a gift from Okawaru
 25861 | D:11     | Reached XP level 14. HP: 26/111 MP: 20/20
 27117 | D:11     | Found a portal to a secret trove of treasure.
 27694 | D:12     | Received a gift from Okawaru
 27700 | D:12     | Found a shimmering altar of Xom.
 27925 | D:12     | Identified the ring "Duasolimapn" {rPois AC+2} (You found
                  | it on level 6 of the Lair of Beasts)
 28036 | D:12     | You fall through a shaft for 2 floors!
 28485 | D:13     | Reached ****** piety under Okawaru
 28660 | D:13     | Found a gate leading to a gauntlet.
 28665 | Gauntlet | Entered a Gauntlet
 28665 | Gauntlet | Found a transporter.
 28668 | Gauntlet | Found a transporter.
 28680 | Gauntlet | Found a transporter.
 28682 | Gauntlet | Found the +3 pair of gauntlets of War {Slay+5}
 28684 | Gauntlet | Found a transporter.
 28694 | Gauntlet | Found a transporter.
 28715 | Gauntlet | Found a transporter.
 28720 | Gauntlet | Found a transporter.
 28724 | Gauntlet | Found a transporter.
 28751 | Gauntlet | Found a transporter.
 28771 | Gauntlet | Found a transporter.
 28775 | Gauntlet | Found a transporter.
 28783 | Gauntlet | Found a transporter.
 28923 | Gauntlet | Got a transparent iron ring
 28925 | Gauntlet | Got a pair of encrusted boots
 28926 | Gauntlet | Identified the ring "Gitzoc" {Slay+3 Stlth-} (You found it
                  | in a Gauntlet)
 29021 | Gauntlet | Identified the cursed +1 short sword "Lyitziuz" {venom,
                  | rC+}
 29039 | Gauntlet | Received a gift from Okawaru
 29101 | D:13     | Found Xyugg's Distillery.
 29105 | D:13     | Bought a potion of heal wounds for 85 gold pieces
 29107 | D:13     | Identified the cursed -2 pair of boots "Dutad" {MP+9 Dex+2}
                  | (You found it in a Gauntlet)
 29661 | D:13     | Found a gate to the Vaults.
 30534 | D:14     | Reached XP level 15. HP: 117/117 MP: 21/21
 30782 | D:14     | Received a gift from Okawaru
 30785 | D:14     | Got a pearl-encrusted chain mail {god gift}
 30786 | D:14     | Identified the +11 chain mail of Kuynuuj {rF- Str+3 Slay+2}
                  | (Okawaru gifted it to you on level 14 of the Dungeon)
 31309 | D:15     | Entered Level 15 of the Dungeon
 31338 | D:15     | Reached skill level 5 in Shields
 33068 | D:15     | Found a staircase to the Depths.
 33360 | D:15     | Found a sparkling altar of Nemelex Xobeh.
 33723 | Orc:1    | Entered Level 1 of the Orcish Mines
 33884 | Orc:1    | Noticed an orc warlord
 34027 | D:10     | Killed an orc warlord
 34042 | Orc:1    | Paralysed by an orc sorcerer for 6 turns
 34256 | Orc:1    | Found a bloodstained altar of Trog.
 34454 | Orc:2    | Entered Level 2 of the Orcish Mines
 34514 | Orc:2    | Noticed Saint Roka
 34576 | Orc:2    | Received a gift from Okawaru
 34877 | Orc:1    | Killed Saint Roka
 35251 | Orc:2    | Found a roughly hewn altar of Beogh.
 35435 | Orc:2    | Found Tacyts's Antique Armour Emporium.
 35464 | Orc:2    | Found Lesoen's General Store.
 35656 | Orc:2    | Bought a scroll of teleportation for 39 gold pieces
 35666 | Orc:2    | Found a staircase to the Elven Halls.
 35792 | Orc:2    | Noticed Josephine
 35811 | Orc:2    | Killed Josephine
 35853 | Orc:2    | Reached XP level 16. HP: 95/124 MP: 22/22
 35978 | Orc:2    | Found a transporter.
 35982 | Orc:2    | Noticed P0WERM0DE's ghost (journeyman DDFi)
 36021 | Orc:2    | Noticed Urug
 36034 | Orc:2    | Killed Urug
 36064 | Orc:2    | Found a transporter.
 36254 | Orc:2    | Found Qeimua's Book Emporium.
 36375 | Orc:2    | Found Ellaeqyj's Antique Weapon Emporium.
 36609 | Swamp:1  | Entered Level 1 of the Swamp
 36647 | Swamp:1  | Slain by a slime creature

Skill      XL: |  1  2  3  4  5  6  7  8  9 10 11 12 13 14 15 16 |
---------------+-------------------------------------------------+-----
Polearms       | 5 6 7 8 9 10 12 14 16 | 16.0
Fighting       | 3 4 5 6 8 9 10 | 10.7
Dodging        | 5 7 9 10 12 | 12.2
Invocations    | 1 6 8 |  8.4
Armour         | 2 6 10 13 14 | 14.7
Shields        | 4 7 8 |  8.0
Throwing       | |  2.0

Action                   |  1- 3 |  4- 6 |  7- 9 | 10-12 | 13-15 | 16-18 || total
-------------------------+-------+-------+-------+-------+-------+-------++-------
Melee: Trident           |   131 |   222 |   112 |   969 |  3175 |    24 ||  4633
       Scythe            |       |       |   252 |       |       |       ||   252
       Halberd           |       |       |    29 |   275 |       |       ||   304
       Tailslap          |       |       |     1 |     2 |    25 |     4 ||    32
       Demon trident     |       |       |       |       |       |    35 ||    35
Throw: Javelin           |       |     3 |    64 |    54 |     8 |       ||   129
       Throwing net      |       |     1 |       |       |       |       ||     1
Invok: Heroism           |       |       |       |     4 |     8 |     2 ||    14
       Finesse           |       |       |       |     4 |     4 |     1 ||     9
Evoke: Wand              |       |       |       |    10 |    27 |       ||    37
  Use: Potion            |     3 |       |     8 |     8 |    10 |     2 ||    31
       Scroll            |       |     1 |     1 |    17 |    19 |     1 ||    39
 Stab: Sleeping          |     1 |     2 |     2 |       |       |       ||     5
       Invisible         |       |       |       |       |    10 |       ||    10
       Paralysed         |       |       |       |       |     2 |       ||     2
       Distracted        |       |       |       |       |     1 |       ||     1
  Eat: Chunk             |     1 |    11 |    16 |    29 |    31 |     2 ||    90
       Ration            |       |       |       |     1 |     6 |     1 ||     8
Armor: Leather armour    |    34 |    17 |    41 |    46 |       |       ||   138
       Ring mail         |       |     9 |    31 |       |       |       ||    40
       Gold dragon scale |       |       |       |   278 |  1266 |    45 ||  1589
Dodge: Dodged            |    98 |    85 |   289 |   283 |   328 |    20 ||  1103
Block: Other             |       |     9 |    68 |    29 |       |       ||   106
       Reflection        |       |       |     5 |     7 |    39 |     6 ||    57
       Buckler           |       |       |       |   215 |   622 |       ||   837
       Large shield      |       |       |       |       |   802 |    96 ||   898
